 Dungeon Crawl Stone Soup version 0.29.1-1-gd02db6906a (webtiles) character file.

Game seed: 7680289993327905930

624 Hadkhar the Chopper (level 7, 0/59 HPs)
             Began as a Palentonga Abyssal Knight on Sept 27, 2022.
             Was a Priest of Lugonu.
             Succumbed to a water moccasin's poison
             ... on level 6 of the Dungeon.
             The game lasted 00:31:56 (5852 turns).

Hadkhar the Chopper (Palentonga Abyssal Knight)     Turns: 5852, Time: 00:31:57

Health: 0/59       AC:  8    Str: 21    XL:     7   Next: 22%
Magic:  9/9        EV:  8    Int: 10    God:    Lugonu [***...]
Gold:   316        SH:  0    Dex: 10    Spells: 6/6 levels left

rFire   + . .      SeeInvis +   g - +0 war axe
rCold   . . .      Faith    +   (no shield)
rNeg    + . .      Spirit   .   D - +2 ring mail {rF+}
rPois   .          Reflect  .   (no helmet)
rElec   .          Harm     .   (no cloak)
rCorr   +          Rampage  .   (no gloves)
Will    .....                   (no barding)
Stlth   ..........              n - amulet of faith
HPRegen 0.19/turn               i - ring of resist corrosion
MPRegen 0.11/turn               w - ring of positive energy

@: lethally poisoned (0 -> -6), studying Long Blades
A: large, rugged brown scales 3, see invisible, deformed body, roll 1, armoured
tail, reflexive curl
a: Rolling Charge, Renounce Religion, Depart the Abyss, Bend Space, Banish


You were on level 6 of the Dungeon.
You worshipped Lugonu.
Lugonu was most pleased with you.
You visited 1 branch of the dungeon, and saw 6 of its levels.
You visited the Abyss 1 time.

You collected 316 gold pieces.

Inventory:

Hand Weapons
 g - a +0 war axe (weapon)
 q - a +2 dagger of holy wrath
Missiles
 r - 8 poisoned darts
 y - 5 javelins
Armour
 D - a +2 ring mail of fire resistance (worn)
Jewellery
 i - a ring of resist corrosion (left hand)
 n - an amulet of faith (around neck)
 s - a ring of fire
 t - an amulet of regeneration
 w - a ring of positive energy (right hand)
Scrolls
 a - 2 scrolls of fear {unknown}
 c - a scroll of poison {unknown}
 f - 6 scrolls of identify
 j - a scroll of blinking {unknown}
 l - a scroll of enchant armour {unknown}
 p - 3 scrolls of teleportation {unknown}
 u - a scroll of acquirement {unknown}
 v - a scroll of torment {unknown}
 A - a scroll of immolation {unknown}
Potions
 b - 2 potions of haste
 e - a potion of might
 k - 2 potions of flight {unknown}
 m - a potion of degeneration {unknown}
 o - 2 potions of curing {unknown}
 x - a potion of lignification {unknown}
 z - a potion of berserk rage {unknown}
 B - 2 potions of attraction {unknown}
 C - a potion of magic {unknown}


   Skills:
 + Level 5.0 Fighting
 * Level 5.4 Axes
 + Level 3.5 Armour
 - Level 0.7 Dodging
 + Level 2.7 Invocations


You had 6 spell levels left.
You didn't know any spells.
Your spell library contained the following spells:

 Spells                   Type           Power      Damage    Failure   Level
 Foxfire                  Conj/Fire      0%         2x1d4     52%         1
 Shock                    Conj/Air       0%         1d3       52%         1
 Summon Small Mammal      Summ           0%         N/A       52%         1
 Ensorcelled Hibernation  Hex/Ice        0%         N/A       67%         2
 Passwall                 Tmut/Erth      0%         N/A       67%         2
 Sublimation of Blood     Necr           0%         N/A       67%         2
 Wereblood                Tmut           0%         N/A       67%         2
 Call Canine Familiar     Summ           0%         N/A       88%         3
 Conjure Flame            Conj/Fire      0%         6-21      88%         3
 Stone Arrow              Conj/Erth      0%         3d7       88%         3
 Summon Guardian Golem    Hex/Summ       0%         N/A       88%         3
 Swiftness                Air            0%         N/A       88%         3
 Airstrike                Air            0%         2d(0-16)  99%         4
 Animate Armour           Summ/Erth      0%         N/A       99%         4
 Ice Form                 Ice/Tmut       0%         N/A       99%         4
 Petrify                  Tmut/Erth      0%         N/A       99%         4
 Freezing Cloud           Conj/Ice/Air   0%         6-21      100%        5
 Metabolic Englaciation   Hex/Ice        0%         N/A       100%        5
 Statue Form              Tmut/Erth      0%         N/A       100%        6
 Ozocubu's Refrigeration  Ice            0%         4d7       100%        7
 Summon Hydra             Summ           0%         N/A       100%        7
 Lehudib's Crystal Spear  Conj/Erth      0%         10d2      100%        8


Dungeon Overview and Level Annotations

Branches:
Dungeon (6/15)
 Temple: D:4-7

Altars:
Qazlal
Ru
Uskayaw
Xom
Yredelemnul
The Shining One

Shops:
D:4 (   D:5 *

Annotations:
D:3 2 transporters, 1 runed translucent door, Crazy Yiuf; ciphuk's ghost, weakling TrMo
D:5 3 runed translucent doors, Henri's ghost, amateur VSEn; MacCMillion's ghost, novice MfIE; nawrastar's ghost, novice MfSu
D:6 Grinder


Innate Abilities, Weirdness & Mutations

You are completely covered in rugged brown scales. (AC +3, +7% HP)
You have supernaturally acute eyesight. (SInv)
Armour fits poorly on your strangely shaped body.
You can roll at nearby foes to attack.
You have a long armoured tail.
You curl defensively after being hit. (AC +7*)


Message History

The water moccasin is severely wounded.
The gnoll hits you from afar with a +0 spear.
The water moccasin barely misses you. The gnoll barely misses you.
You miss the water moccasin.
The water moccasin is severely wounded.
The water moccasin bites you.
You are poisoned.
The water moccasin poisons you!
The water moccasin bites you but does no damage.
The gnoll hits you from afar with a +0 spear.
* * * LOW HITPOINT WARNING * * *
You feel much better.
You feel very sick. The water moccasin bites you.
You are more poisoned.
The water moccasin poisons you! The gnoll hits you but does no damage.
You barely miss the water moccasin.
The water moccasin is severely wounded.
You feel very sick.
The water moccasin bites you but does no damage.
The water moccasin bites you. The gnoll barely misses you.
A white imp comes into view.
You closely miss the water moccasin.
The water moccasin is severely wounded.
* * * LOW HITPOINT WARNING * * *
You feel very sick.
The white imp shouts!
The water moccasin bites you but does no damage.
The gnoll closely misses you. The water moccasin bites you!
* * * LOW HITPOINT WARNING * * *
* * * LOW HITPOINT WARNING * * *
You feel sick.
* * * LOW HITPOINT WARNING * * *
You feel very sick.
The water moccasin bites you but does no damage.
Things that are here:
a +0 dagger; a kobold corpse
* * * LOW HITPOINT WARNING * * *
You feel sick.
You die...

####### ........
#.....#. ........
#.♣.♣.#.. ........
#.._..# .##.....#
#.♣.♣.# .......
#.....# ....
###†#######.#
#.#@.S..).# #
#.....g.#...# #.
####....#.....##?##
#.....####..#....#
#.....# #5# ...
##..### ..# #. ####
... #< #..^.
#...###


You could see a water moccasin and a gnoll.

Vanquished Creatures
  A black bear (D:5)
  A phantom (D:5)
  A kobold brigand (D:6)
  2 hounds
  A jelly (D:4)
  An orc priest (D:4)
  Ijyb (D:5)
  3 orc wizards
  2 gnolls (D:6)
  9 adders
  A shadow imp (D:5)
  A worm (D:4)
  13 orcs
  2 ball pythons (D:1)
  3 endoplasms
  3 giant cockroaches
  3 goblins
  2 hobgoblins
  8 kobolds
  A bat (D:3)
  5 frilled lizards
  4 rats
68 creatures vanquished.

Vanquished Creatures (others)
  4 withered plants (D:5)
4 creatures vanquished.

Grand Total: 72 creatures vanquished

Notes
Turn   | Place    | Note
-------+----------+-------------------------------------------
     0 | Abyss:1  | Hadkhar the Palentonga Abyssal Knight began the quest for
                  | the Orb.
     0 | Abyss:1  | Reached XP level 1. HP: 19/19 MP: 2/2
    14 | Abyss:1  | Found a corrupted altar of Lugonu.
    74 | Abyss:1  | Noticed a ynoxinul
    76 | D:1      | Escaped the Abyss
   322 | D:1      | Reached ** piety under Lugonu
   431 | D:1      | Reached XP level 2. HP: 23/25 MP: 3/3
   652 | D:1      | Found a faded altar of an unknown god.
  1216 | D:2      | Found a sacrificial altar of Ru.
  1278 | D:2      | Got Sif Muna's Compendium of Blistering Cold
  2196 | D:2      | Reached XP level 3. HP: 31/31 MP: 4/4
  2553 | D:3      | Found a transporter.
  2577 | D:3      | Noticed ciphuk's ghost (weakling TrMo)
  2616 | D:3      | Found a transporter.
  2717 | D:3      | Found a runed translucent door.
  2718 | D:3      | Noticed Crazy Yiuf
  3039 | D:3      | Found a stormy altar of Qazlal.
  3044 | D:3      | Found a glowing golden altar of the Shining One.
  3044 | D:3      | Found a shimmering altar of Xom.
  3049 | D:3      | Found a hide-covered altar of Uskayaw.
  3266 | D:4      | Reached XP level 4. HP: 33/39 MP: 5/5
  3594 | D:4      | Found Jiliul's Antique Weapon Shoppe.
  4024 | D:4      | Reached XP level 5. HP: 42/44 MP: 6/6
  4206 | D:4      | Reached *** piety under Lugonu
  4554 | D:5      | Entered Level 5 of the Dungeon
  4554 | D:5      | Noticed a black bear
  4565 | D:5      | Killed a black bear
  4566 | D:5      | Reached XP level 6. HP: 31/52 MP: 7/7
  5054 | D:5      | Reached skill level 5 in Axes
  5094 | D:5      | Found Netirunu's Assorted Antiques.
  5209 | D:5      | Found a runed translucent gate.
  5209 | D:5      | Found a runed translucent gate.
  5211 | D:5      | Found a runed translucent gate.
  5212 | D:5      | Noticed Henri's ghost (amateur VSEn)
  5212 | D:5      | Noticed nawrastar's ghost (novice MfSu)
  5212 | D:5      | Noticed MacCMillion's ghost (novice MfIE)
  5540 | D:5      | Noticed Ijyb
  5545 | D:5      | Killed Ijyb
  5749 | D:6      | Noticed Grinder
  5789 | D:6      | Found a basalt altar of Yredelemnul.
  5796 | D:6      | Gained mutation: You curl defensively after being hit. (AC
                  | +7*) [Palentonga growth]
  5796 | D:6      | Reached XP level 7. HP: 58/58 MP: 8/8
  5840 | D:6      | Reached skill level 5 in Fighting
  5851 | D:6      | HP: 2/59 [poisoned by a water moccasin]
  5852 | D:6      | Succumbed to a water moccasin's poison

Illustrated notes

Levels and vault maps discovered:
D:1:      scummos_arrival_checkerplants, layout_loops_ring,
          basic_ecumenical_altar
D:2:      layout_loops_ring, basic_altar
D:3:      layout_rooms, minitemple, gammafunk_ghost_arena,
          uniq_crazy_yiuf_cottage
D:4:      layout_rooms, serial_shops, nicolae_shop_advertising_works
          [nicolae_subvault_shop_adworks]
D:5:      layout_loops_ring, gammafunk_ghost_cemetery, serial_shops,
          nicolae_shop_competitors_out_of_business, uniq_ijyb
D:6:      layout_cave_pools, mainiacjoe_overflow_catwalk_spiral,
          kennysheep_little_box, uniq_grinder, uniq_eustachio

Skill      XL: |  1  2  3  4  5  6  7 |
---------------+----------------------+-----
Armour         | 2 3 |  3.5
Axes           | 3 4 5 |  5.4
Fighting       | 4 5 |  5.0
Dodging        | |  0.7
Invocations    | |  2.7

Action                   |  1- 3 |  4- 6 |  7- 9 || total
-------------------------+-------+-------+-------++-------
Melee: Hand axe          |    29 |       |       ||    29
       Tailslap          |     9 |    15 |     1 ||    25
       War axe           |    68 |   126 |    23 ||   217
Invok: Depart the Abyss  |     1 |       |       ||     1
 Abil: Rolling Charge    |     3 |     4 |       ||     7
  Use: Scroll            |     2 |       |       ||     2
       Potion            |     1 |       |     1 ||     2
Armor: Leather armour    |     5 |       |       ||     5
       Plate armour      |    80 |   119 |       ||   199
       Ring mail         |       |     5 |    18 ||    23
Dodge: Dodged            |    23 |    37 |    18 ||    78
